 Dungeon Crawl Stone Soup version 0.27.1-33-g824d729ab1 (webtiles) character file.

Game seed: 10983692731438425523

37 belegose the Magician (level 3, -2/29 HPs)
             Began as a Djinni Warper on Dec 5, 2021.
             Slain by Natasha (7 damage)
             ... on level 2 of the Dungeon.
             The game lasted 00:03:00 (2035 turns).

belegose the Magician (Djinni Warper)               Turns: 2035, Time: 00:03:01

Health: -2/29      AC:  3    Str: 11    XL:     3   Next: 60%
Gold:   46         EV: 12    Int: 14    God:
                   SH:  0    Dex: 12

rFire    + + .     SeeInvis .   a - +0 falchion
rCold    x . .     Faith    .   (no shield)
rNeg     . . .     Spirit   .   b - +0 leather armour
rPois    ∞         Reflect  .   (no helmet)
rElec    .         Harm     .   (no cloak)
rCorr    .         Rampage  .   (no gloves)
Will     .....                  (boots unavailable)
Stlth    +.........             (no amulet)
HPRegen  0.09/turn              (no ring)
MPRegen  0.00/turn              (no ring)

@: flying
A: sickness immunity, fire resistance 2, cold vulnerability 1, float, innate
caster, hp casting, extra vitality 1
a: no special abilities


You were on level 2 of the Dungeon.
You visited 1 branch of the dungeon, and saw 2 of its levels.

You collected 46 gold pieces.

Inventory:

Hand Weapons
 a - a +0 falchion (weapon)
Missiles
 d - 5 boomerangs of dispersal (quivered)
Armour
 b - a +0 leather armour (worn)
Scrolls
 c - a scroll of blinking
 e - 2 scrolls of teleportation {unknown}
 f - a scroll of fear {unknown}
 g - 3 scrolls of enchant armour {unknown}
 h - a scroll of vulnerability {unknown}
 i - a scroll of identify {unknown}
 j - a scroll of immolation {unknown}
 l - a scroll of amnesia {unknown}
Potions
 k - a potion of mutation {unknown}


   Skills:
 + Level 2.5 Fighting
 + Level 2.2 Long Blades
 - Level 0.7 Throwing
 - Level 1.0 Armour
 + Level 2.7 Dodging
 + Level 2.7 Spellcasting


You couldn't memorise any spells.
You knew the following spells:

 Your Spells              Type           Power      Damage    Failure   Level
a - Blink                 Tloc           N/A        N/A       14%         2
b - Lesser Beckoning      Tloc           4%         N/A       28%         3
c - Gell's Gravitas       Tloc           4%         N/A       28%         3
d - Teleport Other        Tloc           9%         N/A       28%         3
e - Manifold Assault      Tloc           9%         N/A       95%         5
f - Animate Skeleton      Necr           18%        N/A       10%         1
Your spell library was empty.

Dungeon Overview and Level Annotations

Branches:
Dungeon (2/15)

Altars:

Annotations:
D:2 1 runed translucent door, Crazy Yiuf, Natasha, Sigmund


Innate Abilities, Weirdness & Mutations

You are immune to sickness and miasma.
You are immune to poison.
Your flesh is very heat resistant. (rF++)
You are vulnerable to cold. (rC-)
You float through the air rather than walking.
You learn spells naturally, not from books.
Your magical power is your life essence.
You have superior vitality. (+4 HP)


Message History

The adder misses you.
You riposte.
You closely miss the adder.
The adder is almost dead.
The adder barely misses you.
You barely miss the adder.
The adder is almost dead.
The adder bites you but does no damage.
You hit the adder.
You kill the adder!
You reach down and close the door.
You start resting.
HP restored.
You reach down and open the door.
Found a stone staircase leading down.
There is an open door here.
Natasha, Servant of Life and Death comes into view.
Natasha hisses angrily.
There is an open door here.
You reach down and close the door.
Natasha claws you.
You barely miss Natasha. Natasha claws you but does no damage.
You barely miss Natasha.
Natasha extends her claws.
Natasha claws you! x2
You hit Natasha but do no damage. Natasha closely misses you.
You hit Natasha but do no damage.
Natasha mumbles some strange words.
You barely miss Natasha. Natasha claws you but does no damage.
You hit Natasha.
Natasha is moderately wounded.
Natasha claws you.
You hit Natasha.
Natasha is heavily wounded.
Natasha wildly gestures.
You feel troubled. Natasha claws you.
* * * LOW HITPOINT WARNING * * *
Natasha mumbles some strange words.
You feel troubled. Natasha claws you!
You die...

........ #.#.#####
..#...#.##.# # #.# ##
#...... .. #.# #.#...## #
#.# #.#..h# #.# ...... #.#
## ..> #. #.#####.
##+####.#######.####.<.....
........#.@..>....#######..
#.#.#h#####............
#.#+#....#........###.#
#.....##.#....###.# #.#
#........#........# #.#
#........#......### #.#
#........#......# #.#
###+#....#..#'### #.#
#######.######..#.# #.#


You could see Natasha.

Vanquished Creatures
  An adder (D:2)
  2 ball pythons (D:1)
  2 endoplasms (D:1)
  2 giant cockroaches (D:1)
  3 hobgoblins
  5 bats
  3 frilled lizards
  4 goblins
  3 kobolds (D:1)
  2 rats (D:1)
27 creatures vanquished.

Notes
Turn   | Place    | Note
-------+----------+-------------------------------------------
     0 | D:1      | belegose the Djinni Warper began the quest for the Orb.
     0 | D:1      | Reached XP level 1. HP: 18/18 MP: 0/0
   273 | D:1      | Reached XP level 2. HP: 21/23 MP: 0/0
  1186 | D:1      | Reached XP level 3. HP: 28/29 MP: 0/0
  1186 | D:1      | Learned a level 1 spell: Animate Skeleton
  1419 | D:2      | Noticed Sigmund
  1808 | D:2      | Found a runed translucent door.
  1809 | D:2      | Noticed Crazy Yiuf
  2018 | D:2      | Noticed Natasha
  2035 | D:2      | Slain by Natasha

Illustrated notes

Levels and vault maps discovered:
D:1:      dpeg_arrival_rooms_b, layout_loops_corners, corexii_corridor_pit,
          minmay_nonomino_d4
D:2:      minmay_diamond_boxcup, layout_basic, serial_shops, shop,
          hellmonk_ecumenical_altar_leap_of_faith, uniq_natasha,
          uniq_crazy_yiuf_cottage, uniq_sigmund

Skill      XL: |  1  2 |
---------------+-------+-----
Long Blades    | 2 |  2.2
Fighting       | |  2.5
Throwing       | |  0.7
Armour         | |  1.0
Dodging        | |  2.7
Spellcasting   | |  2.7

Action                   || total
-------------------------++-------
Melee: Falchion          ||   102
 Stab: Sleeping          ||     1
Armor: Leather armour    ||    41
Dodge: Dodged            ||    97
       Rpst.: Falchion   ||    30
